AoeStats
← Ähmsel

MegaRandom

506865002Analyzed
1v1 RM · 15d ago on Sep 15, 2026· 114m 43s· 2 players
Game mode
Random Map
Map size
Tiny (2 player)
Population
200
Speed
Normal
Resources
Standard
Victory
Conquest
Starting age
Dark Age
Ending age
Imperial Age
RankedLock teamsTeams togetherTeam positionsShared explorationLock speedFull tech treeHidden civsTurbo modeCheats
Victory
Defeat
🇩🇪 Huns · Germany
130
+21
🇮🇹 Franks · Italy
254
-21
Ähmsel
12:45 Feudal Age
13:22 Loom
13:59 Double-Bit Axe
13:37 Man-at-Arms
15:16 Town Watch
16:08 Wheelbarrow
15:18 Horse Collar
19:02 Scale Mail Armor
19:12 Forging
21:53 Scale Barding Armor
22:22 Stone Mining
26:27 Castle Age
25:26 Bloodlines
25:12 Fletching
25:22 Padded Archer Armor
27:10 Husbandry
28:33 Hand Cart
28:50 Squires
29:36 Bow Saw
30:15 Heavy Plow
32:07 Town Patrol
34:24 Ballistics
34:10 Gold Mining
34:27 Pikeman
34:38 Light Cavalry
40:23 Imperial Age
41:30 Devotion
43:10 Chemistry
42:22 Masonry
42:09 Murder Holes
42:45 Cavalier
45:45 Conscription
45:26 Marauders
47:09 Chain Barding Armor
47:04 Chain Mail Armor
47:36 Iron Casting
48:00 Sappers
50:12 Atheism
50:49 Elite Skirmisher
52:18 Capped Ram
54:52 Siege Ram
57:51 Halberdier
59:34 Gold Shaft Mining
62:27 Elite Tarkan
65:49 Demolition Ship
68:01 Thumb Ring
67:16 Crossbowman
73:29 Clinker Construction
73:44 Arson
75:31 Blast Furnace
75:08 Plate Barding Armor
78:35 Heavy Demolition Ship
85:56 Medium Warships
85:43 Long Swordsman
104:55 Two-Man Saw
105:11 Bodkin Arrow
105:32 Leather Archer Armor
bs-32
11:57 Feudal Age
12:39 Man-at-Arms
15:34 Double-Bit Axe
22:57 Castle Age
23:39 Long Swordsman
26:42 Gold Mining
26:43 Stone Mining
27:21 Bow Saw
28:11 Husbandry
28:23 Fishing Lines
29:29 Gold Shaft Mining
29:48 Wheelbarrow
29:01 Town Watch
30:51 Hand Cart
31:04 Pikeman
31:59 Forging
31:50 Scale Mail Armor
31:55 Scale Barding Armor
31:51 Padded Archer Armor
31:42 Fletching
34:42 Gambesons
34:58 Squires
34:44 Arson
34:22 Elite Skirmisher
34:23 Crossbowman
44:01 Imperial Age
46:01 Elite Throwing Axeman
46:43 Chivalry
46:11 Cavalier
46:44 Two-Handed Swordsman
46:45 Halberdier
48:05 Medium Warships
47:18 Demolition Ship
49:34 Heavy Demolition Ship
52:54 Paladin
52:59 Champion
57:55 Heavy Warships
59:27 Iron Casting
59:08 Chain Mail Armor
74:49 Capped Ram
74:50 Onager
74:53 Heavy Scorpion
100:55 Ballistics
108:50 Siphons
108:59 Clinker Construction
109:01 Careening
Connection lost

Rejoining the realm…

Still unreachable

The connection could not be restored.

Session expired

The server has moved on; the page needs a fresh start.